 Dungeon Crawl Stone Soup version 0.27-a0-965-gbf8bb431c4 (webtiles) character file.

Game seed: 12026404170552593037

16 Alarkh the Insei (level 2, 7/21 HPs)
             Began as a Demonspawn Transmuter on Apr 12, 2021.
             Got out of the dungeon alive.
             The game lasted 00:00:37 (483 turns).

Alarkh the Insei (Demonspawn Transmuter)             Turns: 483, Time: 00:00:37

Health: 7/21       AC:  2    Str: 10    XL:     2   Next: 41%
Magic:  5/5        EV: 12    Int: 14    God:
Gold:   36         SH:  0    Dex: 15    Spells: 4/5 levels left

rFire    . . .     SeeInvis .     - Unarmed
rCold    . . .     Faith    .   (no shield)
rNeg     . . .     Spirit   .   a - +0 robe
rPois    .         Reflect  .   (no helmet)
rElec    .         Harm     .   (no cloak)
rCorr    .         Rampage  .   (no gloves)
Will     .....                  (no boots)
Stlth    ++........             (no amulet)
HPRegen  0.07/turn              (no ring)
MPRegen  0.09/turn              (no ring)

@: no status effects
A: thin skeletal structure 1
a: no special abilities


You escaped.
You visited 1 branch of the dungeon, and saw 1 of its levels.

You collected 36 gold pieces.

Inventory:

Armour
 a - a +0 robe (worn)
Scrolls
 b - 2 scrolls of identify {unknown}


   Skills:
 + Level 1.3 Fighting
 - Level 1.7 Dodging
 * Level 3.0 Unarmed Combat
 + Level 2.2 Spellcasting
 + Level 2.0 Transmutations


You had 4 spell levels left.
You knew the following spells:

 Your Spells              Type           Power      Damage    Failure   Level
a - Beastly Appendage     Tmut           14%        N/A       10%         1

Your spell library contained the following spells:

 Spells                   Type           Power      Damage    Failure   Level
 Wereblood                Tmut           7%         N/A       16%         2
 Spider Form              Tmut/Pois      2%         N/A       43%         3
 Ice Form                 Ice/Tmut       4%         N/A       83%         4
 Hydra Form               Tmut           3%         N/A       95%         5


Dungeon Overview and Level Annotations

Branches:
Dungeon (1/15)

Altars:


Innate Abilities, Weirdness & Mutations

You have a somewhat thin skeletal structure. (Dex +2, Stealth)


Message History

You grow a pair of large bovine horns.
Your feet morph into talons.
The jackal closely misses you.
Unknown command.
You barely miss the jackal. The jackal bites you.
You barely miss the jackal. Your kick misses the jackal. The jackal misses you.
The jackal barely misses you.
You completely miss the jackal.
The jackal bites you but does no damage.
You hit the jackal.
The jackal is almost dead.
The jackal bites you.
* * * LOW HITPOINT WARNING * * *
A quokka comes into view.
The jackal bites you but does no damage.
You hit the jackal.
You kill the jackal!
You completely miss the hobgoblin.
The quokka twitches its whiskers.
The hobgoblin hits you.
* * * LOW HITPOINT WARNING * * *
You closely miss the hobgoblin. Your kick misses the hobgoblin.
Your transformation is almost over.
The hobgoblin misses you.
You hit the hobgoblin.
You kill the hobgoblin!
You hit the quokka.
The quokka is severely wounded.
The quokka closely misses you.
You hit the quokka. You claw the quokka.
You kill the quokka!
Things that are here:
a hobgoblin corpse; a jackal corpse You see here a rat corpse.
Things that are here:
a jackal corpse; a jackal corpse Your horns disappear.
Your talons disappear.
There is an open door here.
There is a staircase leading out of the dungeon here.
Are you sure you want to leave the Dungeon?
This will make you lose the game!
You have escaped!

##.....#########)#
##...##.......#.#
##+###.#####.#.#
#.# #.# #.....# #.#
#.# #.#.###
##.###.###.#.#
##...........♣♣
#.....###.#.#♣♣♣♣
##...####.#.##♣@♣#
####.#...#.#.##8.8#
.......#.....###'##
####.#...#.### #.#
#.#####.# #.#
#.#####.#####.####
#.......#........#
#.#######.######.#
##...## #.# #.#


There were no monsters in sight!

Vanquished Creatures
  An endoplasm (D:1)
  4 goblins (D:1)
  2 hobgoblins (D:1)
  4 jackals (D:1)
  A quokka (D:1)
  A bat (D:1)
  A rat (D:1)
14 creatures vanquished.

Notes
Turn   | Place    | Note
-------+----------+-------------------------------------------
     0 | D:1      | Alarkh the Demonspawn Transmuter began the quest for the
                  | Orb.
     0 | D:1      | Reached XP level 1. HP: 15/15 MP: 3/3
   427 | D:1      | Gained mutation: You have a somewhat thin skeletal
                  | structure. (Dex +2, Stealth) [demonic ancestry]
   427 | D:1      | Reached XP level 2. HP: 14/21 MP: 3/5
   431 | D:1      | Reached skill level 3 in Unarmed Combat
   483 | D:$      | Got out of the dungeon alive.

Illustrated notes

Levels and vault maps discovered:
D:1:      saegor_arrival_simple_b, layout_loops_corners,
          shapermc_ecumenical_altar_hornbeckon

Skill      XL: |  1  2 |
---------------+-------+-----
Unarmed Combat | 3 |  3.0
Transmutations | 2 |  2.0
Fighting       | |  1.3
Dodging        | |  1.7
Spellcasting   | |  2.2

Action                   || total
-------------------------++-------
Melee: Unarmed           ||    52
       Kick              ||     8
       Headbutt          ||     1
 Cast: Beastly Appendage ||     7
Armor: Robe              ||    11
Dodge: Dodged            ||    37

Table legend: (Time is in decaauts)
 A = Elapsed time spent in this place.
 B = Non-inter-level travel time spent in this place.
 C = Inter-level travel time spent in this place.
 D = Time resting spent in this place.
 E = Time spent auto-exploring this place.
 F = Levels seen in this place.
 G = Mean time per level.
                   A        B        C        D        E       F      G
               +--------+--------+--------+--------+--------+-----+--------+
         Total |    480 |    453 |     27 |     16 |    335 |   1 |  480.0 |
       Dungeon |    480 |    453 |     27 |     16 |    335 |   1 |  480.0 |
               +--------+--------+--------+--------+--------+-----+--------+

Top non-repeatable levels by time:
     D:1: 480 daAuts
